 Dungeon Crawl Stone Soup version 0.28-a0-643-g84cb2ea78e (webtiles) character file.

Game seed: 18066177331557784701

351739 demibob the Slayer (level 22, -3/198 HPs)
             Began as a Merfolk Abyssal Knight on Oct 10, 2021.
             Was the Champion of Lugonu.
             Slain by an iron troll (5 damage)
             ... while paralysed by a vampire knight
             ... on level 3 of the Depths.
             The game lasted 03:04:01 (59692 turns).

demibob the Slayer (Merfolk Abyssal Knight)        Turns: 59692, Time: 03:04:02

Health: -3/198     AC: 28    Str: 19    XL:     22   Next: 24%
Magic:  36/36      EV:  2    Int: 10    God:    Lugonu [******]
Gold:   1612       SH:  0    Dex: 27    Spells: 21/21 levels left

rFire   + + .      SeeInvis +   a - +9 demon trident (distort)
rCold   . . .      Faith    .   j - +1 kite shield {AC+3}
rNeg    . . .      Spirit   .   H - +1 swamp dragon scales
rPois   +          Reflect  +   u - +2 hat
rElec   +          Harm     .   A - +1 cloak of the Bruised Friends {rElec rF++}
rCorr   .          Rampage  .   r - +3 pair of gauntlets of War {Slay+5}
Will    +....                   (boots currently unavailable)
Stlth   ++........              V - amulet of reflection
HPRegen 0.43/turn               v - ring of see invisible
MPRegen 0.25/turn               X - ring of Wocle {AC+4 Str+3 Dex+6}

@: paralysed, studying Summonings, very quick
A: nimble swimmer 2, mertail
}: 2/15 runes: barnacled, gossamer
a: Renounce Religion, Depart the Abyss, Bend Space, Banish, Corrupt, Enter the
Abyss


You were on level 3 of the Depths.
You worshipped Lugonu.
Lugonu was exalted by your worship.
You visited 7 branches of the dungeon, and saw 38 of its levels.
You visited the Abyss 4 times.
You visited 2 bazaars.

You collected 4398 gold pieces.
You spent 2786 gold pieces at shops.


Innate Abilities, Weirdness & Mutations

You are quick and stealthy near water. (Stealth+, EV+, Speed+++)
Your lower body shifts to a powerful aquatic tail in water.


   Skills:
 + Level 22.4 Fighting
 - Level 20.0 Polearms
 - Level 13.3 Armour
 - Level 15.4 Dodging
 - Level 15.0 Shields
 + Level 20.9 Invocations
 - Level 2.4 Evocations


You had 21 spell levels left.
You didn't know any spells.
Your spell library contained the following spells:

 Spells                   Type           Power      Damage    Failure   Level
 Animate Skeleton         Necr           0%         N/A       50%         1
 Apportation              Tloc           0%         N/A       50%         1
 Freeze                   Ice            0%         1d3       50%         1
 Magic Dart               Conj           0%         1d3       50%         1
 Sting                    Tmut/Pois      0%         1d3       50%         1
 Summon Small Mammal      Summ           0%         N/A       50%         1
 Call Imp                 Summ           0%         N/A       63%         2
 Corpse Rot               Necr/Air       N/A        N/A       63%         2
 Poisonous Vapours        Pois/Air       0%         N/A       63%         2
 Scorch                   Fire           0%         2d5       63%         2
 Slow                     Hex            0%         N/A       63%         2
 Sublimation of Blood     Necr           0%         N/A       63%         2
 Wereblood                Tmut           0%         N/A       63%         2
 Confusing Touch          Hex            0%         N/A       86%         3
 Frozen Ramparts          Ice            0%         1d2       86%         3
 Gell's Gravitas          Tloc           0%         N/A       86%         3
 Mephitic Cloud           Conj/Pois/Air  0%         N/A       86%         3
 Portal Projectile        Hex/Tloc       0%         N/A       86%         3
 Teleport Other           Tloc           0%         N/A       86%         3
 Vampiric Draining        Necr           0%         2d6       86%         3
 Airstrike                Air            0%         N/A       99%         4
 Animate Armour           Summ/Erth      0%         N/A       99%         4
 Flame Wave               Conj/Fire      0%         3d3       99%         4
 Hailstorm                Conj/Ice       0%         3d3       99%         4
 Ice Form                 Ice/Tmut       0%         N/A       99%         4
 Leda's Liquefaction      Hex/Erth       0%         N/A       99%         4
 Olgreb's Toxic Radiance  Pois           0%         N/A       99%         4
 Summon Ice Beast         Ice/Summ       0%         N/A       99%         4
 Summon Lightning Spire   Summ/Air       0%         N/A       99%         4
 Alistair's Intoxication  Tmut/Pois      0%         N/A       100%        5
 Blade Hands              Tmut           0%         N/A       100%        5
 Excruciating Wounds      Necr           0%         N/A       100%        5
 Lightning Bolt           Conj/Air       0%         1d11      100%        5
 Yara's Violent Unravell  Hex/Tmut       0%         3d3       100%        5
 Conjure Ball Lightning   Conj/Air       0%         3x3d6     100%        6
 Dispersal                Tloc           0%         N/A       100%        6
 Iron Shot                Conj/Erth      0%         9d1       100%        6
 Summon Cactus Giant      Summ           0%         N/A       100%        6
 Haunt                    Necr/Summ      0%         N/A       100%        7
 Malign Gateway           Summ/Tloc      0%         N/A       100%        7
 Ozocubu's Refrigeration  Ice            0%         4d5       100%        7
 Storm Form               Tmut/Air       0%         N/A       100%        7
 Summon Hydra             Summ           0%         N/A       100%        7
 Borgnjor's Revivificati  Necr           0%         N/A       100%        8
 Discord                  Hex            0%         N/A       100%        8
 Disjunction              Tloc           0%         N/A       100%        8
 Ignition                 Fire           0%         3d3       100%        8
 Maxwell's Capacitive Co  Air            0%         ∞         100%        8
 Necromutation            Tmut/Necr      0%         N/A       100%        8
 Death's Door             Necr           0%         N/A       100%        9

Inventory:

Hand Weapons
 a - a +9 demon trident of distortion (weapon)
 n - a +0 glaive of electrocution
Missiles
 T - 8 throwing nets (quivered) {=f}
Armour
 d - the +0 pair of boots of Morality (melded) {rPois}
   (You bought it in a shop on level 2 of the Orcish Mines)

   rPois:     It protects you from poison.
 j - a +1 kite shield of protection (worn)
 r - the +3 pair of gauntlets of War (worn) {Slay+5}
   (You found it on level 2 of the Vaults)

   Slay:      It affects your accuracy & damage with ranged weapons and melee
   (+5).
 u - a +2 hat (worn)
 A - the +1 cloak of the Bruised Friends (worn) {rElec rF++}
   (You found it on level 6 of the Lair of Beasts)

   rF:        It greatly protects you from fire.
   rElec:     It insulates you from electricity.
 H - +1 swamp dragon scales (worn)
Jewellery
 v - a ring of see invisible (left hand)
 C - a ring of ice
 E - a +4 ring of evasion
 F - the ring "Eskumeph" {rN+ Will+}
   (You found it on level 2 of the Spider Nest)

   [ring of positive energy]

   rN:        It protects you from negative energy.
   Will:      It increases your willpower.
 R - a ring of resist corrosion
 V - an amulet of reflection (around neck)
 X - the ring of Wocle (right hand) {AC+4 Str+3 Dex+6}
   (You bought it in a shop on level 2 of the Orcish Mines)

   [ring of protection]

   AC:        It affects your AC (+4).
   Str:       It affects your strength (+3).
   Dex:       It affects your dexterity (+6).
 Y - a +4 ring of slaying
Wands
 e - a wand of mindburst (33)
 q - a wand of polymorph (35)
 x - a wand of digging (28)
 y - a wand of iceblast (49)
 z - a wand of acid (29)
 O - a wand of charming (38)
 P - a wand of flame (154)
 U - a wand of paralysis (20)
Scrolls
 f - 3 scrolls of holy word
 h - 4 scrolls of enchant weapon
 i - a scroll of magic mapping
 l - 7 scrolls of enchant armour
 p - 2 scrolls of fog
 D - a scroll of silence {!r}
 G - a scroll of fear
 I - 2 scrolls of immolation
 L - 4 scrolls of teleportation {@r2}
 W - 11 scrolls of identify {@r1}
Potions
 b - a potion of berserk rage {!q}
 c - 4 potions of brilliance
 k - 8 potions of flight
 m - 3 potions of might
 o - 2 potions of haste {@q3}
 s - 7 potions of curing {@q1}
 w - 3 potions of resistance
 B - 4 potions of mutation
 K - a potion of heal wounds {@q2}
 N - 3 potions of cancellation
Miscellaneous
 g - a condenser vane
 t - a phial of floods
 J - a box of beasts
 M - a phantom mirror

Dungeon Overview and Level Annotations

Branches:
Dungeon (15/15)            Temple (0/1) D:4            Lair (6/6) D:8
 Shoals (4/4) Lair:3       Spider (4/4) Lair:2        Slime (0/5) Lair:6
    Orc (2/2) D:9             Elf (0/3) Orc:2        Vaults (4/5) D:14
  Crypt (0/3) Vaults:3     Depths (3/4) D:15

Altars:
Ashenzari
Dithmenos
Fedhas
Gozag
Hepliaklqana
Kikubaaqudgha
Okawaru
Vehumet
Yredelemnul
Beogh
Jiyva
Lugonu

Shops:
D:2 ?   Orc:1 ?   Orc:2 [*(==   Vaults:2 !

Portals:
Hell: Depths:1 Depths:2
Abyss: Lair:6
Pandemonium: Depths:2
Ziggurat: Depths:2

Annotations:
D:3 1 runed translucent door, Crazy Yiuf
D:5 2 transporters
D:13 corrupted
Vaults:1 corrupted
Vaults:2 corrupted
Vaults:3 3 runed translucent doors
Depths:1 corrupted, 1 runed translucent door, pokeman's ghost, adept DEWz
Abyss:1 Arachne, Asterion, Blork the orc, Boris

▒▒.....≈ ≈≈≈≈.# ▒▒.......
≈≈≈≈.## ........ ..≈≈..#
......###.≈...##. .......
#.....#......... ##.[....
###......≈≈≈...##..#.......
#......≈TTC................
#....≈≈≈@......≈≈≈≈.≈≈≈≈≈
#.....≈V≈.......≈≈≈.≈≈≈..
.##..............≈...≈≈≈.≈
...........<......≈.≈≈≈≈≈<≈
...##..............≈....≈≈.≈
## ##...##.................
######.................
##........#..........
#.........#....).....


You could see 2 iron trolls, a vampire knight (fast, invisible) and an ettin.


Message History

The iron troll claws you but does no damage. x2
The vampire knight hits you with a +1 long sword!
* * * LOW HITPOINT WARNING * * *
The vampire knight bites you but does no damage.
The ettin hits you but does no damage.
The ettin hits you with a +0 great mace!!
* * * LOW HITPOINT WARNING * * *
The iron troll bites you but does no damage.
The iron troll claws you but does no damage.
The iron troll claws you.
* * * LOW HITPOINT WARNING * * *
The vampire knight hits you with a +1 long sword!
* * * LOW HITPOINT WARNING * * *
The vampire knight bites you but does no damage.
The ettin splashes around in the water.
The ettin hits you with a +0 great mace!
* * * LOW HITPOINT WARNING * * *
The vampire knight hits you with a +1 long sword!!
* * * LOW HITPOINT WARNING * * *
The vampire knight splashes around in the water.
The iron troll bites you but does no damage.
The iron troll claws you but does no damage. x2
The vampire knight barely misses you.
The vampire knight bites you but does no damage.
The ettin hits you with a +0 dire flail of protection!
* * * LOW HITPOINT WARNING * * *
The ettin splashes around in the water.
The iron troll bites you but does no damage.
The iron troll claws you.
You die...

Skill      XL: |  1  2  3  4  5  6  7  8  9 10 11 12 13 14 15 16 17 18 19 20 21 |
---------------+----------------------------------------------------------------+-----
Dodging        | 3 4 5 6 7 8 11 13 14 15 | 15.4
Polearms       | 4 5 6 7 9 12 15 17 20 | 20.0
Invocations    | 3 4 5 6 10 12 13 14 19 20 | 20.9
Evocations     | 2 |  2.4
Armour         | 4 6 8 9 10 12 13 | 13.3
Fighting       | 8 11 13 14 16 17 18 20 22 | 22.4
Shields        | 6 8 12 15 | 15.0

Action                   |  1- 3 |  4- 6 |  7- 9 | 10-12 | 13-15 | 16-18 | 19-21 | 22-24 || total
-------------------------+-------+-------+-------+-------+-------+-------+-------+-------++-------
Melee: Spear             |   135 |   283 |   290 |       |       |       |       |       ||   708
       Tailslap          |       |       |     9 |     2 |     8 |    57 |    26 |     4 ||   106
       Glaive            |       |       |   150 |   790 |  1600 |  1179 |       |       ||  3719
       Scimitar          |       |       |       |    21 |    21 |    31 |       |       ||    73
       Demon trident     |       |       |       |       |       |   323 |  1696 |   159 ||  2178
Invok: Banish            |       |     1 |       |       |     3 |     4 |       |       ||     8
       Bend Space        |       |     1 |       |       |       |       |       |       ||     1
       Depart the Abyss  |       |       |       |       |     1 |     1 |     1 |       ||     3
       Enter the Abyss   |       |       |       |       |     1 |     1 |       |       ||     2
       Corrupt           |       |       |       |       |       |     2 |     2 |       ||     4
       Brand Weapon With |       |       |       |       |       |     1 |       |       ||     1
Evoke: Wand              |       |       |     5 |    28 |    23 |    14 |     1 |       ||    71
       Condenser vane    |       |       |       |       |     2 |     4 |     4 |       ||    10
       Box of beasts     |       |       |       |       |       |     1 |       |       ||     1
       Phantom mirror    |       |       |       |       |       |     1 |       |       ||     1
  Use: Scroll            |     1 |     2 |    11 |     9 |    11 |    18 |     6 |     1 ||    59
       Potion            |       |       |       |     8 |     9 |     5 |     8 |     1 ||    31
 Stab: Sleeping          |     1 |     6 |     1 |     2 |       |     1 |     4 |     1 ||    16
       Invisible         |       |       |       |     3 |       |     1 |       |       ||     4
       Distracted        |       |       |       |       |     2 |     1 |     5 |     1 ||     9
       Confused          |       |       |       |       |       |     4 |     1 |       ||     5
Armor: Leather armour    |    32 |    50 |    43 |       |       |       |       |       ||   125
       Swamp dragon scal |       |       |    17 |   131 |   320 |   308 |   191 |    34 ||  1001
Dodge: Dodged            |    64 |   133 |   271 |   670 |  1127 |  1367 |   675 |    42 ||  4349
Block: Other             |       |       |       |       |       |   162 |       |       ||   162
       Reflection        |       |       |       |       |       |    47 |    54 |       ||   101
       Kite shield       |       |       |       |       |       |   191 |  1055 |    75 ||  1321

Levels and vault maps discovered:
D:1:      tarquinn_simple_flora_water_b, layout_basic, solitary_fountain
D:2:      layout_basic, serial_glass, glass_columns_c, glass_columns_c,
          serial_shops, shop, grunt_ministairs_5
D:3:      layout_basic, uniq_crazy_yiuf_cottage
D:4:      layout_rooms, minmay_temple_entry_statues_fountains
D:5:      layout_loops_ring, gammafunk_temple_overflow_arena,
          kennysheep_nondescript, uniq_blork_the_orc
D:6:      layout_cave_pools, nicolae_overflow_crystal_walls, lemuel_tele_altar,
          serial_bayou, serial_bayou_pond_c, serial_bayou_pond_a,
          serial_bayou_ford_a, serial_bayou_pond_b, uniq_maggie
D:7:      layout_cave_pods, kennysheep_small_square
D:8:      lemuel_insect_pit, layout_loops_corners, evilmike_ruin_ashenzari,
          dpeg_oklobed_lair, special_room [special_room_orc],
          grunt_ministairs_1, supply_closet_lemuel
D:9:      layout_big_octagon, erik_orc_4, uniq_erica
D:10:     layout_basic, hangedman_minor_magic, uniq_urug
D:11:     minmay_the_grid_square_5x5_4x4 [minmay_the_grid_square_5x5_v,
          minmay_the_grid_square_5x5_checkered_sparse,
          minmay_the_grid_square_5x5_spiral_small,
          minmay_the_grid_square_5x5_doubleslash,
          minmay_the_grid_square_5x5_two_small,
          minmay_the_grid_square_5x5_prize_open,
          minmay_the_grid_square_5x5_prize_deathbox,
          minmay_the_grid_square_5x5_inner_z,
          minmay_the_grid_square_5x5_bracketed,
          minmay_the_grid_square_5x5_prize_junk,
          minmay_the_grid_square_5x5_prize_open,
          minmay_the_grid_square_5x5_intrusive_squares,
          minmay_the_grid_square_5x5_meh, minmay_the_grid_square_5x5_lines,
          minmay_the_grid_square_5x5_two_walls_b,
          minmay_the_grid_square_5x5_slash], layout_basic, uniq_nergalle
D:12:     layout_long_grid, vehumet_altar_wand_db, uniq_snorg
D:13:     layout_basic, uniq_kirke, uniq_jorgrun
D:14:     layout_stronghold, david_vaults_2, minmay_fountain_box,
          hellmonk_bongcloud_opening, nicolae_gozag_conspicuous_consumption
D:15:     gammafunk_enter_depths_forms, layout_loops_ring
Lair:1:   layout_long_grid, guppyfry_lair_drakes
Lair:2:   layout_gridlike, nicolae_spider_entry_orb_guardian, basic_altar
Lair:3:   layout_cave_pods, minmay_shoals_entry_lonely_mermaid,
          portal_ice_cave_entry_pillars_1, grunt_megastairs_1, lemuel_fruit_tree
Lair:4:   layout_hall_layers, grunt_megastairs_5
Lair:5:   layout_cave_pods
Lair:6:   hellmonk_lair_end_abyssal_woods, layout_hall_layers,
          dpeg_slime_entry_enclosed_altar, serial_bayou_shore_b,
          serial_bayou_shore_b, grunt_megastairs_2, infiniplex_staircase_pool_2
Shoals:1: layout_shoals
Shoals:2: layout_shoals, uniq_ilsuiw
Shoals:3: layout_shoals
Shoals:4: shoals_end_grunt_garden, layout_shoals
Spider:1: nicolae_spider_mines_3, nicolae_spider_checkerboard, uniq_agnes
Spider:2: layout_spider_delve
Spider:3: layout_spider_delve, nicolae_spider_stair_cavern
Spider:4: grunt_spider_rune_circles, hangedman_spider_tarantella_strand,
          uniq_arachne
Orc:1:    layout_caves, nicolae_volcano_entry_s_turn, serial_shops, shop
Orc:2:    grunt_orc_cross, layout_diamond_mine, serial_shops, shop_coins,
          basic_altar
Vaults:1: nicolae_vaults_hallways_thing, nicolae_vaults_big_angled_halls,
          ontoclasm_vaults_hangar, hangedman_vaults_trim,
          nicolae_vaults_meeting, nicolae_vaults_ninety_degrees,
          nicolae_vaults_little_squares_4, v_pattern_5, layout_vaults_quadrants,
          serial_shops, bzr_entry_lakeside, uniq_asterion
Vaults:2: vaults_mumra_minichess, nicolae_vaults_network_barrier, v_misc_12,
          vaults_room_octagon, nicolae_vaults_big_ls, serial_ice_b,
          vaults_room_stairs_pillars, hangedman_vaults_stretched_pinwheel,
          hangedman_vaults_capsules, ontoclasm_vaults_eye,
          ontoclasm_vaults_shout, ontoclasm_vaults_loading_screen,
          vaults_dpeg_cross, ontoclasm_vaults_twist, ontoclasm_vaults_shuriken,
          v_misc_16, nicolae_vaults_shelves_hall, layout_vaults_omnibox,
          serial_shops, shop, uniq_saint_roka, uniq_donald, uniq_boris
Vaults:3: ploomutoo_gammafunk_ghost_potion_laboratory, v_misc_14,
          nicolae_vaults_branching_niches, v_misc_11,
          nicolae_vaults_little_squares_6, hangedman_vaults_slice,
          nicolae_vaults_specimen_jars, v_misc_18,
          nicolae_vaults_yaktaur_gun_rack, vaults_standard_mumra_x,
          vaults_room_corners, nicolae_vaults_rhombus_7,
          ontoclasm_vaults_bender, layout_vaults_maze_bifur,
          minmay_crypt_entry_necro_gods
Vaults:4: v_misc_30, vaults_room_semicircle, hangedman_vaults_nails,
          nicolae_vaults_network_square, nicolae_vaults_little_squares_2,
          nicolae_vaults_network_s, grunt_vaults_funnel, v_alt_pattern_4,
          vaults_room_corners, special_room_vaults [special_room_orc],
          vaults_room_semicircle, nicolae_vaults_circle_grid_b,
          layout_vaults_big_cross, uniq_jory
Depths:1: layout_cave_pools, pf_hell_entry_tar_river, minmay_misc_feat_cross,
          hellmonk_ghost_happy_afterlife, serial_shops, bzr_entry_water,
          serial_glass, glass_columns_c, glass_columns_a, water_maze_lemuel
Depths:2: cheibrodos_birdhouse, layout_gridlike, enter_ziggurat_c,
          grunt_pan_entry_spiral, hangedman_decor_points,
          grunt_hell_entry_dis_mu, amcnicky_mini_pool_small, kennysheep_doodads,
          feat_on_display
Depths:3: kennysheep_treasure_stockpile, layout_cave_pools,
          grunt_mini_vestibule, rand_demon_pan_entry_1,
          marbit_kobold_abyss_entry, hangedman_decor_growths,
          nzn_wu_jian_council_hall, uniq_xtahua, uniq_margery

Notes
Turn   | Place    | Note
-------+----------+-------------------------------------------
     0 | Abyss:1  | demibob the Merfolk Abyssal Knight began the quest for the
                  | Orb.
     0 | Abyss:1  | Reached XP level 1. HP: 18/18 MP: 2/2
     1 | Abyss:1  | Found a viscous altar of Jiyva.
    45 | Abyss:1  | Found a viscous altar of Jiyva.
    60 | Abyss:1  | Found a corrupted altar of Lugonu.
    69 | D:1      | You pass through the gate.
    69 | D:1      | Escaped the Abyss
   487 | D:1      | Reached skill level 3 in Dodging
   499 | D:1      | Reached XP level 2. HP: 24/24 MP: 3/3
  1091 | D:2      | Reached ** piety under Lugonu
  1097 | D:2      | Reached XP level 3. HP: 28/29 MP: 4/4
  1141 | D:2      | Found Waplec's Magic Scroll Emporium.
  1149 | D:2      | Bought a scroll of identify for 28 gold pieces
  1163 | D:2      | Reached skill level 4 in Polearms
  1193 | D:2      | Reached skill level 3 in Invocations
  1259 | D:2      | Reached XP level 4. HP: 17/35 MP: 6/6
  1261 | D:2      | Reached skill level 4 in Dodging
  2286 | D:3      | Reached skill level 5 in Polearms
  2286 | D:3      | Reached XP level 5. HP: 37/41 MP: 7/7
  2688 | D:3      | Found a runed translucent door.
  2689 | D:3      | Noticed Crazy Yiuf
  3383 | D:4      | Reached skill level 5 in Dodging
  3383 | D:4      | Reached skill level 4 in Invocations
  3383 | D:4      | Reached XP level 6. HP: 41/47 MP: 6/9
  3476 | D:4      | Reached skill level 6 in Polearms
  3482 | D:4      | Reached *** piety under Lugonu
  3687 | D:4      | Found a staircase to the Ecumenical Temple.
  4147 | D:5      | Entered Level 5 of the Dungeon
  4178 | D:5      | Noticed an orc warrior
  4180 | D:5      | Found a blossoming altar of Fedhas.
  4180 | D:5      | Noticed an acid dragon
  4181 | D:5      | Found an iron altar of Okawaru.
  4181 | D:5      | Found a transporter.
  4182 | D:5      | Found a shadowy altar of Dithmenos.
  4354 | D:5      | Noticed Blork the orc
  4360 | D:5      | Banished Blork the orc
  4361 | D:5      | Reached skill level 6 in Dodging
  4361 | D:5      | Reached XP level 7. HP: 51/52 MP: 4/10
  4435 | D:5      | Reached skill level 5 in Invocations
  4610 | D:5      | Reached skill level 7 in Polearms
  5010 | D:5      | Reached skill level 7 in Dodging
  5237 | D:5      | Reached XP level 8. HP: 52/58 MP: 10/12
  5353 | D:5      | Found a transporter.
  5463 | D:5      | Reached skill level 8 in Polearms
  5740 | D:5      | Reached skill level 6 in Invocations
  5897 | D:2      | Bought a scroll of identify for 28 gold pieces
  5897 | D:2      | Bought a scroll of fog for 28 gold pieces
  5897 | D:2      | Bought a scroll of teleportation for 42 gold pieces
  5897 | D:2      | Bought a scroll of fear for 49 gold pieces
  6357 | D:6      | Found an opulent altar of Gozag.
  6393 | D:6      | Reached skill level 8 in Dodging
  6569 | D:6      | Reached skill level 9 in Polearms
  6744 | D:6      | Noticed Maggie
  6757 | D:6      | Killed Maggie
  6758 | D:6      | Reached skill level 2 in Evocations
  6758 | D:6      | Reached XP level 9. HP: 54/64 MP: 10/14
  6904 | D:5      | Reached skill level 10 in Polearms
  6914 | D:5      | Reached skill level 1 in Armour
  7069 | D:6      | Found a hazy altar of Hepliaklqana.
  7187 | D:7      | Reached skill level 2 in Armour
  7410 | D:7      | Identified the +2 robe "Ruennex" {+Blink}
  7557 | D:7      | Reached skill level 11 in Polearms
  7785 | D:7      | Reached **** piety under Lugonu
  7786 | D:7      | Reached skill level 3 in Armour
  8021 | D:7      | Reached skill level 12 in Polearms
  8631 | D:8      | Reached skill level 4 in Armour
  8755 | D:8      | Found a runed translucent door.
  8757 | D:8      | Found a runed translucent door.
  8766 | D:8      | Reached XP level 10. HP: 70/70 MP: 15/15
  8783 | D:8      | Reached skill level 13 in Polearms
  9194 | D:8      | Found a staircase to the Lair.
  9522 | D:8      | Reached skill level 5 in Armour
  9569 | D:8      | Reached ***** piety under Lugonu
  9785 | D:8      | Found a broken altar of Ashenzari.
 10029 | D:8      | Reached skill level 14 in Polearms
 10429 | D:9      | Noticed Erica
 10445 | D:9      | Killed Erica
 10446 | D:9      | Reached skill level 15 in Polearms
 10446 | D:9      | Reached skill level 6 in Armour
 10708 | D:8      | Reached XP level 11. HP: 65/75 MP: 13/16
 10847 | D:9      | Reached skill level 7 in Invocations
 11052 | D:9      | Got the Almanac of Displacement and Unholy Rites
 11096 | D:9      | Found a staircase to the Orcish Mines.
 11295 | D:10     | Entered Level 10 of the Dungeon
 11351 | Lair:1   | Entered Level 1 of the Lair of Beasts
 11551 | Lair:1   | Reached skill level 16 in Polearms
 11699 | Lair:1   | Reached skill level 8 in Invocations
 12372 | Lair:1   | Reached skill level 9 in Invocations
 12407 | Lair:1   | Reached skill level 17 in Polearms
 12473 | Lair:1   | Identified 2 potions of resistance
 12602 | Lair:2   | Found an iron altar of Okawaru.
 12648 | Lair:2   | Noticed a six-headed hydra
 12660 | Lair:2   | Killed a two-headed hydra
 12885 | Lair:2   | Reached skill level 10 in Invocations
 12898 | Lair:2   | Reached XP level 12. HP: 52/81 MP: 14/19
 13246 | Lair:2   | Reached skill level 18 in Polearms
 13673 | Lair:2   | Found a hole to the Spider Nest.
 13972 | Lair:3   | Noticed a six-headed hydra
 13975 | Lair:3   | Reached skill level 11 in Invocations
 14414 | Lair:3   | Found a staircase to the Shoals.
 14470 | Lair:3   | Killed a three-headed hydra
 14925 | Lair:3   | Reached skill level 19 in Polearms
 14937 | Lair:3   | Reached ****** piety under Lugonu
 15286 | Lair:4   | Noticed an eight-headed hydra
 15299 | Lair:4   | Killed a three-headed hydra
 15317 | Lair:4   | Noticed a death yak
 15318 | Lair:4   | Noticed a death yak
 15318 | Lair:4   | Noticed a death yak
 15319 | Lair:4   | Noticed a death yak
 15454 | Lair:4   | Reached skill level 12 in Invocations
 15535 | Lair:4   | Noticed a death yak
 15660 | Lair:4   | Noticed a death yak
 15676 | Lair:4   | Killed a death yak
 15685 | Lair:4   | Killed a death yak
 15693 | Lair:4   | Killed a death yak
 16013 | Lair:4   | Reached skill level 20 in Polearms
 16030 | Lair:4   | Reached XP level 13. HP: 69/86 MP: 16/22
 16135 | Lair:4   | Reached skill level 9 in Dodging
 16166 | Lair:4   | Reached skill level 10 in Dodging
 16672 | Lair:4   | Identified a scroll of acquirement
 16672 | Lair:4   | Acquired a ring of resist corrosion
 16984 | Lair:4   | Reached skill level 4 in Fighting
 16984 | Lair:4   | Reached skill level 11 in Dodging
 17659 | D:10     | Reached skill level 5 in Fighting
 17826 | D:10     | Noticed Urug
 17858 | D:10     | Killed Urug
 17859 | D:10     | Reached skill level 7 in Armour
 18987 | D:11     | Reached skill level 6 in Fighting
 19014 | D:11     | Noticed Nergalle
 19574 | Lair:4   | Identified the +5 scimitar "Demon's Regret" {vorpal, Int+4}
 19847 | Lair:5   | Reached skill level 7 in Fighting
 20633 | Lair:6   | Entered Level 6 of the Lair of Beasts
 20692 | Lair:6   | Reached skill level 8 in Armour
 20768 | Lair:6   | Reached skill level 8 in Fighting
 20819 | Lair:6   | Reached XP level 14. HP: 91/106 MP: 18/23
 21407 | Lair:6   | Reached skill level 9 in Fighting
 21589 | Lair:6   | Found a viscous altar of Jiyva.
 21589 | Lair:6   | Found a staircase to the Slime Pits.
 22665 | Lair:6   | Reached skill level 9 in Armour
 23052 | Lair:6   | Reached skill level 10 in Fighting
 23612 | Lair:6   | Found a corrupted altar of Lugonu.
 23612 | Lair:6   | Found a one-way gate to the infinite horrors of the Abyss.
 23619 | Lair:6   | Identified the +1 cloak of the Bruised Friends {rElec rF++}
 23852 | Orc:1    | Entered Level 1 of the Orcish Mines
 24235 | Orc:2    | Entered Level 2 of the Orcish Mines
 24321 | Orc:2    | Reached skill level 13 in Invocations
 24536 | Abyss:1  | Noticed a starcursed mass
 24537 | Orc:2    | You pass through the gate.
 24537 | Orc:2    | Escaped the Abyss
 24595 | Orc:2    | Reached skill level 11 in Fighting
 24647 | Orc:1    | Found Taepsug's Magic Scroll Shoppe.
 25150 | Orc:1    | Bought a scroll of identify for 28 gold pieces
 25150 | Orc:1    | Bought a scroll of identify for 28 gold pieces
 25150 | Orc:1    | Bought a scroll of identify for 28 gold pieces
 25150 | Orc:1    | Identified a potion of experience
 25281 | Orc:2    | Noticed an orc warlord
 25294 | Orc:2    | Banished an orc warlord
 26249 | Orc:2    | Found Ruihuot's Jewellery Emporium.
 26381 | Orc:2    | Reached XP level 15. HP: 46/120 MP: 10/25
 26697 | Orc:2    | Reached skill level 12 in Fighting
 26940 | Orc:2    | Reached skill level 12 in Dodging
 26948 | Orc:2    | Found a staircase to the Elven Halls.
 27333 | Orc:2    | Found Opaankoq's Antique Weapon Boutique.
 27349 | Orc:2    | Found Uggaha's Jewellery Boutique.
 27365 | Orc:2    | Found Diziss's General Store.
 27409 | Orc:2    | Paralysed by an orc sorcerer for 5 turns
 27651 | Orc:2    | Found Webrihap's Antique Armour Boutique.
 27657 | Orc:2    | Bought a pair of steaming boots for 275 gold pieces
 27657 | Orc:2    | Identified the +0 pair of boots of Morality {rPois} (You
                  | bought it in a shop on level 2 of the Orcish Mines)
 28221 | D:11     | Reached skill level 13 in Dodging
 28309 | D:11     | Reached skill level 13 in Fighting
 28312 | D:11     | Reached skill level 1 in Shields
 28380 | D:11     | Reached skill level 2 in Shields
 28427 | D:11     | Killed Nergalle
 28624 | D:11     | Got the Disquisition on Curses and the Voyage
 28651 | D:11     | Reached skill level 3 in Shields
 29322 | D:12     | Noticed Snorg
 29354 | D:11     | Killed Snorg
 29561 | D:11     | Reached skill level 6 in Shields
 29561 | D:11     | Reached XP level 16. HP: 131/131 MP: 26/26
 29649 | D:12     | Reached skill level 7 in Shields
 29954 | D:12     | Found a radiant altar of Vehumet.
 30858 | D:13     | Reached skill level 14 in Fighting
 31624 | D:13     | Reached skill level 8 in Shields
 31684 | D:13     | Noticed Jorgrun
 31757 | D:12     | Acquired a manual of Invocations
 31775 | D:13     | Corrupted D:13
 31775 | D:13     | Noticed an Executioner
 31775 | D:13     | Noticed a tentacled starspawn
 31780 | D:13     | Killed Jorgrun
 31860 | D:13     | Noticed a tentacled starspawn
 31873 | D:13     | Killed Kirke
 32031 | D:14     | Identified the +8 dagger of Emifiet {vorpal, rElec rC+}
 32153 | D:14     | Reached skill level 14 in Invocations
 32229 | D:14     | Paralysed by something for 4 turns
 32325 | D:14     | Found a gate to the Vaults.
 32591 | D:14     | Found an opulent altar of Gozag.
 32596 | D:14     | Found an opulent altar of Gozag.
 32635 | D:14     | Found an opulent altar of Gozag.
 32637 | D:14     | Found an opulent altar of Gozag.
 32773 | D:14     | Reached XP level 17. HP: 73/140 MP: 19/27
 33601 | D:15     | Entered Level 15 of the Dungeon
 34056 | D:15     | Reached skill level 15 in Invocations
 34240 | D:15     | Reached skill level 15 in Fighting
 34888 | D:15     | Found a staircase to the Depths.
 35277 | Orc:2    | Bought an amulet of reflection for 420 gold pieces
 35277 | Orc:2    | Bought a ring of see invisible for 210 gold pieces
 35277 | Orc:2    | Bought the ring of Wocle {AC+4 Str+3 Dex+6} for 866 gold
                  | pieces
 35445 | Shoals:1 | Entered Level 1 of the Shoals
 35596 | Shoals:1 | Reached skill level 16 in Invocations
 36846 | Shoals:2 | Noticed Ilsuiw
 36912 | Shoals:2 | Reached skill level 17 in Invocations
 37304 | Shoals:1 | Reached skill level 16 in Fighting
 37582 | Shoals:2 | Killed Ilsuiw
 38603 | Shoals:2 | Reached skill level 18 in Invocations
 39748 | Shoals:3 | Reached skill level 19 in Invocations
 39787 | Shoals:3 | Reached skill level 14 in Dodging
 39969 | Shoals:3 | Reached XP level 18. HP: 153/153 MP: 31/31
 40355 | Shoals:4 | Entered Level 4 of the Shoals
 41087 | Shoals:4 | Reached skill level 15 in Dodging
 41433 | Shoals:4 | Reached skill level 17 in Fighting
 41656 | Shoals:3 | Identified a +2 demon trident of distortion (a +0 demon
                  | trident of freezing corrupted by Lugonu)
 41656 | Shoals:3 | Received a gift from Lugonu
 41860 | Shoals:4 | Reached skill level 9 in Shields
 42085 | Shoals:4 | Reached skill level 10 in Shields
 42341 | Shoals:4 | Got a barnacled rune of Zot
 42798 | Vaults:1 | Entered Level 1 of the Vaults
 42811 | Vaults:1 | Reached skill level 11 in Shields
 42977 | Vaults:1 | Identified the +0 kite shield "Xucurump" {Harm rF++}
 42977 | Vaults:1 | Noticed Asterion
 42981 | Vaults:1 | Banished Asterion
 43130 | Vaults:1 | Found a flickering gateway to a bazaar.
 43137 | Bazaar   | Entered a bazaar
 43146 | Bazaar   | Found Suedimykk's Jewellery Boutique.
 43157 | Bazaar   | Found Rus Gergh's Magic Scroll Shop.
 43183 | Bazaar   | Found Payna's Distillery.
 43194 | Bazaar   | Found Folocrau's Antique Weapon Shoppe.
 43212 | Bazaar   | Bought a potion of heal wounds for 90 gold pieces
 43212 | Bazaar   | Bought a potion of mutation for 144 gold pieces
 43267 | Vaults:1 | Reached skill level 12 in Shields
 44193 | Abyss:1  | Noticed a bone dragon
 44214 | Abyss:1  | Found a sparkling altar of Nemelex Xobeh.
 44261 | Abyss:1  | Killed a bone dragon
 44368 | Vaults:1 | You pass through the gate.
 44368 | Vaults:1 | Escaped the Abyss
 44369 | Vaults:1 | Corrupted Vaults:1
 44369 | Vaults:1 | Noticed a lich
 44376 | Vaults:1 | Reached XP level 19. HP: 146/161 MP: 24/32
 44391 | Vaults:1 | Reached skill level 13 in Shields
 45266 | Vaults:2 | Reached skill level 14 in Shields
 45964 | Vaults:2 | Noticed Donald
 45986 | Vaults:2 | Killed Donald
 46240 | Vaults:2 | Paralysed by a great orb of eyes for 2 turns
 46297 | Vaults:2 | Reached skill level 15 in Shields
 46370 | Vaults:2 | Noticed Boris
 46379 | Vaults:2 | Banished Boris
 46573 | Vaults:2 | Noticed Saint Roka
 46609 | Vaults:2 | Killed Saint Roka
 47156 | Vaults:2 | Found Sogguwn's Distillery.
 47283 | Vaults:2 | Bought a potion of might for 72 gold pieces
 47283 | Vaults:2 | Bought a potion of haste for 180 gold pieces
 47283 | Vaults:2 | Bought a potion of haste for 180 gold pieces
 47283 | Vaults:2 | Bought a potion of heal wounds for 90 gold pieces
 47617 | Vaults:2 | Reached skill level 10 in Armour
 47619 | Vaults:2 | You are cast into the Abyss!
 47619 | Vaults:2 | Cast into level 2 of the Abyss (a deep elf sorcerer)
 47706 | Vaults:2 | You pass through the gate.
 47706 | Vaults:2 | Escaped the Abyss
 47707 | Vaults:2 | Corrupted Vaults:2
 47708 | Vaults:2 | Noticed a tentacled monstrosity
 47713 | Vaults:2 | Noticed an Ice Fiend
 47714 | Vaults:2 | Noticed an ancient lich
 47714 | Vaults:2 | Noticed a dread lich
 47720 | Vaults:2 | Found the +3 pair of gauntlets of War {Slay+5}
 47721 | Vaults:2 | Noticed a bone dragon
 48472 | Vaults:3 | Reached skill level 18 in Fighting
 48802 | Vaults:3 | Found a staircase to the Crypt.
 48802 | Vaults:3 | Found a basalt altar of Yredelemnul.
 48802 | Vaults:3 | Found an ancient bone altar of Kikubaaqudgha.
 49153 | Vaults:3 | Reached XP level 20. HP: 171/171 MP: 33/33
 49276 | Vaults:3 | Found a runed translucent gate.
 49276 | Vaults:3 | Found a runed translucent gate.
 49276 | Vaults:3 | Found a runed translucent gate.
 50697 | Vaults:4 | Reached skill level 11 in Armour
 50796 | Vaults:4 | Reached skill level 19 in Fighting
 52238 | Vaults:4 | Reached skill level 12 in Armour
 52571 | Vaults:4 | Paralysed by a sphinx for 5 turns
 52584 | Vaults:4 | Reached skill level 20 in Fighting
 53111 | Spider:1 | Entered Level 1 of the Spider Nest
 53495 | Spider:1 | Noticed Agnes
 53503 | Spider:1 | Killed Agnes
 53601 | Spider:1 | Reached XP level 21. HP: 183/183 MP: 34/34
 54291 | Spider:2 | Got the Papyrus of Supportive Transmutation
 54464 | Spider:2 | Identified the ring "Eskumeph" {rN+ Will+}
 54811 | Spider:2 | Reached skill level 13 in Armour
 55031 | Spider:3 | Reached skill level 21 in Fighting
 55513 | Spider:4 | Entered Level 4 of the Spider Nest
 55517 | Spider:4 | Noticed Arachne
 55524 | Spider:3 | Banished Arachne
 56434 | Spider:4 | Got a gossamer rune of Zot
 56797 | Depths:1 | Entered Level 1 of the Depths
 56805 | Depths:1 | You fall into a shaft and drop 1 floor!
 56805 | Depths:2 | Found a gateway to a ziggurat.
 56838 | Depths:1 | Reached skill level 20 in Invocations
 56845 | Depths:1 | Corrupted Depths:1
 56893 | Depths:1 | Found a flickering gateway to a bazaar.
 56916 | Bazaar   | Entered a bazaar
 56987 | Bazaar   | Found Doawn's Jewellery Boutique.
 57009 | Bazaar   | Found Ofazad's Antique Armour Emporium.
 57030 | Bazaar   | Found Lurphu's Book Boutique.
 57050 | Bazaar   | Found Qeguxzut's Antique Weapon Shoppe.
 57418 | Depths:1 | Found a gateway to Hell.
 57491 | Depths:1 | Found a runed translucent door.
 57491 | Depths:1 | Noticed pokeman's ghost (adept DEWz)
 58049 | Depths:2 | Reached skill level 22 in Fighting
 58208 | Depths:2 | Reached XP level 22. HP: 196/196 MP: 36/36
 58315 | Depths:2 | Paralysed by a floating eye for 2 turns
 58341 | Depths:2 | Paralysed by a floating eye for 4 turns
 58386 | Depths:2 | Found a one-way gate leading to the halls of Pandemonium.
 58447 | Depths:2 | Paralysed by a floating eye for 2 turns
 58496 | Depths:2 | Identified the +1 hand crossbow of the Bear {flame, Int+4
                  | Dex+5 SInv}
 59686 | Depths:3 | Paralysed by a vampire knight for 6 turns
 59691 | Depths:3 | HP: 14/198 [vampire knight (20)]
 59692 | Depths:3 | HP: 2/198 [ettin (13)]
 59692 | Depths:3 | Slain by an iron troll

Vanquished Creatures
  Saint Roka (Vaults:2)
  A bone dragon (Abyss:1)
  A lich (Depths:2)
  A sphinx (Vaults:4)
  2 tengu reavers (Depths:2)
  Agnes (Spider:1)
  Ilsuiw (Shoals:2)
  Donald (Vaults:2)
  A frost giant (Depths:3)
  A deep elf sorcerer (Vaults:2)
  3 ghost moths (Spider:4)
  7 vault wardens
  A fire giant (Depths:2)
  3 spectral caustic shrikes (Depths:1)
  An orc warlord (Vaults:2)
  A balrug (Depths:2)
  7 emperor scorpions
  A war gargoyle (Vaults:2)
  9 ironbound preservers
  9 very ugly things
  A stone giant (Vaults:2)
  A deep elf demonologist (Vaults:2)
  3 entropy weavers
  A spark wasp (Depths:1)
  2 ettins (Depths:2)
  An eidolon (Abyss:2)
  Snorg (D:11)
  A deep elf death mage (Vaults:2)
  5 merfolk javelineers
  2 fire dragons
  5 great orbs of eyes
  9 merfolk impalers
  8 yaktaur captains
  A deep elf high priest (Vaults:2)
  12 hydras
  A rakshasa (D:15)
  4 vault guards
  4 ironbound thunderhulks
  9 boulder beetles
  2 ogre magi
  3 merfolk avatars
  A peacekeeper (Vaults:2)
  A spriggan air mage (Depths:3)
  17 centaur warriors
  An alligator snapping turtle (Shoals:2)
  Erica (D:9)
  8 ironbound frosthearts
  3 merfolk aquamancers
  15 two-headed ogres
  2 satyrs
  2 deep troll shamans
  3 deep troll earth magi
  2 death knights
  7 tengu warriors
  6 death yaks
  3 thrashing horrors
  A sun demon (Depths:2)
  A spriggan berserker (Depths:2)
  3 hell knights (Depths:2)
  2 orc high priests
  Urug (D:10)
  Nergalle (D:11)
  4 iron trolls
  A sea snake (shapeshifter) (Vaults:3)
  28 deep trolls
  13 sea snakes
  A glowing orange brain (D:15)
  8 lindwurms
  9 wizards
  38 harpies
  10 ironbound convokers
  3 necromancers
  A phantasmal warrior (D:13)
  13 orc knights
  3 orc sorcerers (Orc:2)
  3 deep elf zephyrmancers
  34 wolf spiders
  30 ugly things
  14 orb spiders
  3 deep elf pyromancers
  7 cyclopes
  7 manticores
  A tengu skeleton (Vaults:2)
  19 fauns
  A human skeleton (Vaults:2)
  4 black mambas
  9 vault sentinels
  8 water nymphs
  A moth of wrath (Spider:3)
  3 gargoyles
  3 elephants (Lair:4)
  2 torpor snails
  9 merfolk sirens
  5 smoke demons
  11 cane toads
  4 rime drakes
  Maggie (D:6)
  5 demonic crawlers
  2 kobold demonologists (D:14)
  A rime drake (shapeshifter) (Lair:6)
  An efreet (D:14)
  3 unseen horrors
  3 freezing wraiths
  2 orange demons (Depths:2)
  33 yaktaurs
  An ice devil (Depths:2)
  7 komodo dragons
  3 tengu conjurers
  A hellwing (Depths:2)
  An ancient zyme (Lair:6)
  5 trolls
  25 jumping spiders
  25 merfolk
  11 wind drakes
  6 hornets
  11 dream sheep
  19 blink frogs
  11 slime creatures
  An elf skeleton (Vaults:2)
  2 spriggans
  6 flying skulls (Abyss:1)
  26 tarantellas
  6 snapping turtles
  A redback (shapeshifter) (D:15)
  9 wraiths
  20 water elementals
  A yak (shapeshifter) (D:15)
  2 shadows
  93 redbacks
  73 yaks
  A ynoxinul (Depths:2)
  5 basilisks
  7 wyverns
  A human (D:8)
  11 vampire mosquitoes
  A chaos spawn (Lair:6)
  2 steam dragons
  8 wargs
  6 large abominations
  An ogre skeleton (Vaults:2)
  11 small abominations (Lair:6)
  44 orc warriors
  A swamp drake (D:10)
  13 water moccasins
  3 ice beasts
  A black bear (D:7)
  11 ogres
  4 sky beasts
  10 wolves
  11 centaurs
  11 bullfrogs
  2 kobold brigands
  10 scorpions
  A water moccasin zombie (D:5)
  A wyvern skeleton (D:6)
  5 killer bees
  A killer bee (shapeshifter) (D:15)
  9 wights
  2 electric eels (D:6)
  4 howler monkeys
  4 bullfrog zombies
  A quasit (Abyss:1)
  A crimson imp (D:10)
  34 orc priests
  6 centaur zombies
  4 jellies
  3 centaur skeletons
  A gnoll shaman (D:9)
  2 hounds
  An iron imp (D:10)
  4 iguanas
  28 orc wizards
  A hound zombie (D:5)
  A howler monkey skeleton (D:7)
  5 gnolls (D:9)
  2 howler monkey zombies
  15 adders
  2 shadow imps
  5 white imps
  2 ufetubi (D:5)
  3 worms
  2 dart slugs (D:4)
  108 orcs
  3 endoplasms
  9 giant cockroaches
  10 hobgoblins
  14 jackals
  5 quokkas
  6 ball pythons
  6 bats
  3 frilled lizards
  8 goblins
  14 kobolds
  10 rats
1458 creatures vanquished.

Vanquished Creatures (others)
  Jorgrun (D:13)
  Kirke (D:13)
  2 vault wardens (Vaults:1)
  3 spectral caustic shrikes (Depths:1)
  A deep elf sorcerer (Vaults:2)
  2 ironbound preservers (Vaults:1)
  2 spark wasps (Depths:1)
  A merfolk impaler (Depths:1)
  A jiangshi (Depths:1)
  2 fire dragons (Depths:1)
  An ironbound thunderhulk (Vaults:1)
  2 vault guards (Vaults:1)
  2 deep troll earth magi (Depths:1)
  3 deep troll shamans (Depths:1)
  A vampire mage (Depths:1)
  7 deep trolls
  A glowing orange brain (Depths:1)
  A phantasmal warrior (Vaults:2)
  An ironbound convoker (Vaults:1)
  A salamander (Depths:1)
  An eye of devastation (shapeshifter) (Vaults:2)
  A vault sentinel (Vaults:1)
  A yaktaur (Vaults:1)
  A human (D:13)
  A water elemental (Depths:1)
  A hog (D:13)
  2 vampire mosquitoes
  18 fungi
  273 plants
  23 starspawn tentacles
358 creatures vanquished.

Grand Total: 1816 creatures vanquished

Table legend: (Time is in decaauts)
 A = Elapsed time spent in this place.
 B = Non-inter-level travel time spent in this place.
 C = Inter-level travel time spent in this place.
 D = Time resting spent in this place.
 E = Time spent auto-exploring this place.
 F = Levels seen in this place.
 G = Mean time per level.
                   A        B        C        D        E       F      G
               +--------+--------+--------+--------+--------+-----+--------+
         Total |  57239 |  53961 |   3278 |  18310 |  24303 |  45 | 1272.0 |
       Dungeon |  20891 |  19091 |   1800 |   4967 |  10468 |  15 | 1392.7 |
          Lair |  10813 |  10291 |    522 |   4027 |   4370 |   6 | 1802.2 |
        Shoals |   6279 |   6062 |    217 |   2665 |   1932 |   4 | 1569.8 |
   Spider Nest |   2923 |   2819 |    104 |   1100 |    964 |   4 |  730.8 |
  Orcish Mines |   3679 |   3517 |    162 |   1416 |   1107 |   2 | 1839.5 |
        Vaults |   9102 |   8795 |    307 |   3114 |   4134 |   4 | 2275.5 |
        Depths |   2581 |   2418 |    163 |    647 |   1114 |   3 |  860.3 |
         Abyss |    681 |    681 |      0 |    371 |      0 |   5 |  136.2 |
        Bazaar |    286 |    286 |      0 |      0 |    212 |   2 |  143.0 |
               +--------+--------+--------+--------+--------+-----+--------+

Top non-repeatable levels by time:
Vaults:2: 3143 daAuts
  Lair:6: 2977 daAuts
     D:8: 2362 daAuts
   Orc:2: 2289 daAuts
  Lair:3: 2211 daAuts
Vaults:4: 2104 daAuts
Vaults:3: 2049 daAuts
Shoals:1: 2034 daAuts
Shoals:3: 1974 daAuts
  Lair:4: 1973 daAuts
    D:11: 1857 daAuts
    D:14: 1826 daAuts
Vaults:1: 1804 daAuts
     D:5: 1787 daAuts
    D:10: 1592 daAuts

Table legend:
 A = Non-vault XP
 B = Vault XP
 C = Vault XP percentage of total XP
 D = Non-vault monster count
 E = Vault monster count
 F = Vault count percentage of total count
                 A         B        C        D         E       F
            +---------+---------+-------+---------+---------+-------
      Total |  344037 |  229586 |  40.0 |    1022 |     516 |  33.6
            +---------+---------+-------+---------+---------+-------
        D:1 |      28 |       0 |   0.0 |      19 |       0 |   0.0
        D:2 |     112 |       3 |   2.6 |      32 |       2 |   5.9
        D:3 |      99 |       0 |   0.0 |      14 |       0 |   0.0
        D:4 |     316 |       0 |   0.0 |      23 |       0 |   0.0
        D:5 |     823 |      96 |  10.4 |      21 |       1 |   4.5
        D:6 |     690 |     447 |  39.3 |      16 |       3 |  15.8
        D:7 |    1456 |     203 |  12.2 |      23 |       2 |   8.0
        D:8 |    2427 |    1340 |  35.6 |      31 |      52 |  62.7
        D:9 |    1184 |    1220 |  50.7 |      17 |      12 |  41.4
       D:10 |    2435 |    2618 |  51.8 |      11 |      19 |  63.3
       D:11 |    2244 |   18410 |  89.1 |       7 |      35 |  83.3
       D:12 |    5256 |       2 |   0.0 |      15 |       1 |   6.2
       D:13 |    7377 |     829 |  10.1 |      15 |       1 |   6.2
       D:14 |    7981 |    2486 |  23.8 |      18 |       3 |  14.3
       D:15 |    7135 |    4259 |  37.4 |      19 |       7 |  26.9
     Lair:1 |    5104 |     542 |   9.6 |      23 |       2 |   8.0
     Lair:2 |    8237 |     566 |   6.4 |      26 |       1 |   3.7
     Lair:3 |    4716 |    2666 |  36.1 |      17 |       8 |  32.0
     Lair:4 |   11944 |     403 |   3.3 |      33 |       1 |   2.9
     Lair:5 |    3549 |       0 |   0.0 |      18 |       0 |   0.0
     Lair:6 |    6620 |   12176 |  64.8 |      21 |      46 |  68.7
   Shoals:1 |   15717 |       0 |   0.0 |      36 |       0 |   0.0
   Shoals:2 |   14055 |    2962 |  17.4 |      25 |       4 |  13.8
   Shoals:3 |   18855 |    1192 |   5.9 |      43 |       2 |   4.4
   Shoals:4 |   23137 |   19882 |  46.2 |      49 |      33 |  40.2
   Spider:1 |   11775 |    5059 |  30.1 |      32 |      11 |  25.6
   Spider:2 |   17654 |       0 |   0.0 |      60 |       0 |   0.0
   Spider:3 |   21467 |    2108 |   8.9 |      55 |       1 |   1.8
   Spider:4 |    5937 |   20076 |  77.2 |      15 |      42 |  73.7
      Orc:1 |    3533 |     564 |  13.8 |      35 |       1 |   2.8
      Orc:2 |   10029 |    6643 |  39.8 |      80 |      34 |  29.8
   Vaults:1 |   13767 |   17698 |  56.2 |      21 |      25 |  54.3
   Vaults:2 |   13163 |   40316 |  75.4 |      16 |      60 |  78.9
   Vaults:3 |   13534 |   24348 |  64.3 |      17 |      39 |  69.6
   Vaults:4 |   35369 |   22856 |  39.3 |      51 |      45 |  46.9
   Depths:1 |   13978 |    4526 |  24.5 |      19 |       4 |  17.4
   Depths:2 |   15258 |   11852 |  43.7 |      18 |      18 |  50.0
   Depths:3 |    9718 |       0 |   0.0 |      15 |       0 |   0.0
    Abyss:1 |    6026 |    1238 |  17.0 |      13 |       1 |   7.1
    Abyss:2 |    1332 |       0 |   0.0 |       3 |       0 |   0.0
            +---------+---------+-------+---------+---------+-------
